 Dungeon Crawl Stone Soup version 0.28.0 (webtiles) character file.

Game seed: 11654305917233608268

352 Hasart the Covered (level 6, -4/51 HPs)
             Began as a Demigod Fighter on Feb 10, 2022.
             Slain by an ice beast (8 damage)
             ... on level 4 of the Dungeon.
             The game lasted 00:06:57 (3736 turns).

Hasart the Covered (Demigod Fighter)                Turns: 3736, Time: 00:06:57

Health: -4/51      AC:  6    Str: 21    XL:     6   Next: 12%
Magic:  0/17       EV: 10    Int: 10    God:
Gold:   128        SH:  5    Dex: 17    Spells: 5/5 levels left

rFire   . . .      SeeInvis +   j - +0 spear of the Valley of Death {flame, rCorr SInv}
rCold   . . .      Faith    .   c - +0 buckler
rNeg    . . .      Spirit   +   s - +0 scale mail {rPois}
rPois   +          Reflect  .   (no helmet)
rElec   .          Harm     .   (no cloak)
rCorr   +          Rampage  .   (no gloves)
Will    .....                   (no boots)
Stlth   ..........              e - amulet of guardian spirit
HPRegen 0.17/turn               k - ring of magical power
MPRegen 0.15/turn               (no ring)

@: no status effects
A: high MP 1, forlorn, divine attributes
a: no special abilities


You were on level 4 of the Dungeon.
You visited 1 branch of the dungeon, and saw 4 of its levels.

You collected 128 gold pieces.

Inventory:

Hand Weapons
 a - a +0 flail
 j - the +0 spear of the Valley of Death (weapon) {flame, rCorr SInv}
   (You found it on level 2 of the Dungeon)

   It burns those it strikes, dealing additional fire damage.
   SInv:      It lets you see invisible.
   rCorr:     It protects you from acid and corrosion.
Missiles
 i - 9 boomerangs (quivered)
 o - a curare-tipped dart
Armour
 c - a +0 buckler (worn)
 s - a +0 scale mail of poison resistance (worn)
Jewellery
 e - an amulet of guardian spirit (around neck)
 k - a ring of magical power (left hand)
Scrolls
 f - a scroll of identify {unknown}
 h - a scroll of immolation {unknown}
 l - a scroll of blinking {unknown}
 n - 2 scrolls of teleportation {unknown}
 q - a scroll of enchant armour {unknown}
 r - a scroll of acquirement {unknown}
Potions
 d - a potion of might
 g - 2 potions of magic {unknown}
 m - 3 potions of lignification {unknown}
 p - a potion of curing {unknown}


   Skills:
 + Level 3.4 Fighting
 - Level 2.4 Maces & Flails
 * Level 2.4 Polearms
 + Level 1.7 Throwing
 + Level 3.5 Armour
 + Level 1.8 Dodging
 + Level 3.4 Shields


You had 5 spell levels left.
You didn't know any spells.
Your spell library was empty.

Dungeon Overview and Level Annotations

Branches:
Dungeon (4/15)
 Temple: D:4-7

Shops:
D:2 [!(   D:3 (


Innate Abilities, Weirdness & Mutations

You have an increased reservoir of magic. (+10% MP)
You shall have no god before yourself.
Your divine heritage dramatically boosts your attributes as you level up.


Message History

The ice beast is heavily wounded.
The ice beast hits you but does no damage.
You hit the ice beast but do no damage.
The ice beast is heavily wounded.
You block the ice beast's attack.
You hit the ice beast but do no damage.
The ice beast is heavily wounded.
The ice beast hits you. The ice beast freezes you.
You hit the ice beast but do no damage.
The ice beast is heavily wounded.
You block the ice beast's attack.
You barely miss the ice beast.
The ice beast is heavily wounded.
The ice beast barely misses you.
You hit the ice beast but do no damage.
The ice beast is moderately wounded.
The ice beast hits you. The ice beast freezes you!
You hit the ice beast.
You melt the ice beast.
The ice beast is heavily wounded.
The ice beast closely misses you.
You hit the ice beast but do no damage.
The ice beast is heavily wounded.
The ice beast hits you but does no damage.
You barely miss the ice beast.
The ice beast is heavily wounded.
The ice beast hits you. The ice beast freezes you!
* * * LOW HITPOINT WARNING * * *
You completely miss the ice beast.
The ice beast is heavily wounded.
The ice beast hits you. The ice beast freezes you.
* * * LOW HITPOINT WARNING * * *
You hit the ice beast but do no damage.
The ice beast is heavily wounded.
The ice beast misses you.
You hit the ice beast.
You melt the ice beast.
The ice beast is severely wounded.
The ice beast hits you.
* * * LOW HITPOINT WARNING * * *
The ice beast freezes you!
You die...

#......# #######......#
.............#
.............#
.............#
.............#
.^...........#
###'###@.....#
#.....#.Y....#
#.....#......#
+.....#......#
#######.....#......#
####.....###'###......#
........................
........................
........................


You could see an ice beast.

Vanquished Creatures
  An ogre (D:4)
  A scorpion (D:3)
  A howler monkey (D:4)
  Terence (D:2)
  6 adders
  An ufetubus (D:4)
  3 worms (D:2)
  3 dart slugs (D:1)
  An orc (D:4)
  4 ball pythons (D:2)
  9 bats
  3 endoplasms
  A giant cockroach (D:3)
  8 hobgoblins
  2 jackals (D:2)
  6 quokkas
  6 frilled lizards
  5 goblins
  10 kobolds
  4 rats
76 creatures vanquished.

Notes
Turn   | Place    | Note
-------+----------+-------------------------------------------
     0 | D:1      | Hasart the Demigod Fighter began the quest for the Orb.
     0 | D:1      | Reached XP level 1. HP: 18/18 MP: 3/3
   161 | D:1      | Reached XP level 2. HP: 21/25 MP: 4/4
   637 | D:1      | Reached XP level 3. HP: 26/30 MP: 3/5
  1064 | D:2      | Found Sethrag's Weapon Emporium.
  1066 | D:2      | Identified the +0 spear of the Valley of Death {flame,
                  | rCorr SInv}
  1114 | D:2      | Noticed Terence
  1124 | D:2      | Killed Terence
  1125 | D:2      | Reached skill level 1 in Dodging
  1534 | D:2      | Reached XP level 4. HP: 30/38 MP: 3/6
  1669 | D:2      | Found Ganenge's Distillery.
  2013 | D:2      | Reached skill level 1 in Polearms
  2191 | D:2      | Reached skill level 1 in Throwing
  2234 | D:2      | Found Jetumnog's Antique Armour Boutique.
  2671 | D:3      | Reached XP level 5. HP: 20/45 MP: 7/7
  3126 | D:3      | Found Yllair's Weapon Boutique.
  3282 | D:4      | Noticed an ogre
  3325 | D:4      | Killed an ogre
  3331 | D:4      | Reached XP level 6. HP: 10/51 MP: 7/8
  3736 | D:4      | Slain by an ice beast

Illustrated notes

Levels and vault maps discovered:
D:1:      lightli_arrival_lavapool, layout_basic, corexii_leaking_fountain
D:2:      layout_loops_cross, serial_shops, nicolae_shop_hallway_plus, shop,
          nicolae_shop_stone, shapermc_ecumenical_altar_notcrosses, uniq_terence
D:3:      layout_loops_ring, jmf_multi_god_temple, serial_shops,
          nicolae_shop_stone, kennysheep_doodads
D:4:      layout_gridville, lemuel_coloured_pillars_altar,
          nicolae_sif_muna_condensation, serial_shops, shop

Skill      XL: |  1  2  3  4  5 |
---------------+----------------+-----
Maces & Flails | 2 |  2.4
Shields        | 3 |  3.4
Armour         | 3 |  3.5
Dodging        | 1 |  1.8
Fighting       | 3 |  3.4
Polearms       | 1 2 |  2.4
Throwing       | 1 |  1.7

Action                   |  1- 3 |  4- 6 || total
-------------------------+-------+-------++-------
Melee: Flail             |   112 |       ||   112
       Spear             |    46 |   173 ||   219
Throw: Dart              |       |     1 ||     1
       Boomerang         |       |     5 ||     5
Armor: Scale mail        |    99 |    46 ||   145
Dodge: Dodged            |    79 |    58 ||   137
Block: Buckler           |    21 |    40 ||    61
